 Dungeon Crawl Stone Soup version 0.19.4-9-g45fd643 (webtiles) character file.

117786 doot the Severer (level 16, 0/201 HPs)
             Began as a Grey Draconian Summoner on Feb 16, 2017.
             Was a Priest of Sif Muna.
             Slain by Donald
             ... wielding a +3 eveningstar of protection
              (15 damage)
             ... on level 1 of the Shoals on Feb 17, 2017.
             The game lasted 03:54:28 (48240 turns).

doot the Severer (Grey Draconian Summoner)         Turns: 48240, Time: 03:54:29

Health: 0/201      AC: 21    Str: 17    XL:     16   Next: 24%
Magic:  38/38      EV: 18    Int: 18    God:    Sif Muna [***...]
Gold:   2115       SH:  6    Dex: 17    Spells: 6 memorised, 11 levels left

rFire  + . .     SeeInvis +     F - +6 battleaxe "Killer Klown's Regret" {flame, rElec rF+ Stlth+}
rCold  . . .     Gourm    .     (armour unavailable)
rNeg   . . .     Faith    .     (shield currently unavailable)
rPois  +         Spirit   .     x - +2 hat {SInv}
rElec  +         Reflect  +     P - +1 cloak
rCorr  .         Harm     .     z - +0 pair of gloves
MR     +....                    U - +1 pair of boots
Stlth  ..........               C - +6 amulet of reflection
                                g - ring of magical power
                                q - ring of poison resistance

@: berserking, very quick
A: walk through water, unfitting armour, horns 1, stinger 1, agile 1,
unbreathing, cold-blooded, AC +14
a: Divine Energy, Channel Magic, Renounce Religion


You were on level 1 of the Shoals.
You worshipped Sif Muna.
Sif Muna was most pleased with you.
You were hungry.

You visited 7 branches of the dungeon, and saw 28 of its levels.
You also visited: Ossuary.

You collected 2445 gold pieces.
You spent 330 gold pieces at shops.

Inventory:

Hand Weapons
 b - a +1 hunting sling
 F - the +6 battleaxe "Killer Klown's Regret" (weapon) {flame, rElec rF+ Stlth+}
   (You found it on level 7 of the Dungeon)

   It has been specially enchanted to burn those struck by it, causing extra
   injury to most foes and up to half again as much damage against particularly
   susceptible opponents.
   Big, fiery blades are also staple armaments of hydra-hunters.
   It protects you from fire.
   It insulates you from electricity.
   It makes you more stealthy.
Missiles
 t - 143 sling bullets
Armour
 x - a +2 hat of see invisible (worn)
 z - a +0 pair of gloves (worn)
 P - a +1 cloak (worn)
 U - a +1 pair of boots (worn)
Jewellery
 g - a ring of magical power (right hand)
 l - an uncursed ring of protection from cold
 q - a ring of poison resistance (left hand)
 C - a +6 amulet of reflection (around neck)
 L - an uncursed amulet of magic regeneration
Wands
 s - a wand of flame (36/48)
 B - a wand of acid (2/15)
 H - a wand of iceblast (14/15)
 J - a wand of heal wounds (0/9)
 O - a wand of digging (12/24)
 Z - a wand of acid (6/15)
Scrolls
 a - a scroll of fear
 d - 4 scrolls of magic mapping
 e - 6 scrolls of immolation
 h - 9 scrolls of identify
 k - 5 scrolls of remove curse
 y - 9 scrolls of teleportation
 A - 5 scrolls of amnesia
 E - a scroll of acquirement
 G - 2 scrolls of fog
 I - a scroll of enchant armour
 R - 2 scrolls of enchant weapon
 Y - 2 scrolls of recharging
Potions
 i - 3 potions of flight
 j - 11 potions of curing
 m - 5 potions of mutation
 p - a potion of cure mutation
 r - 8 potions of haste
 v - 2 potions of brilliance
 w - a potion of ambrosia
 D - 3 potions of agility
 K - 4 potions of magic
 Q - a potion of might
 T - 2 potions of cancellation
Books
 n - a book of Callings

   Spells                             Type                      Level
   a - Summon Small Mammal            Summoning                    1
   b - Call Imp                       Summoning                    2
   c - Call Canine Familiar           Summoning                    3
   d - Summon Guardian Golem          Hexes/Summoning              3
   e - Summon Lightning Spire         Summoning/Air                4
   f - Summon Ice Beast               Ice/Summoning                4
 o - a book of Cantrips

   Spells                             Type                      Level
   a - Confusing Touch                Hexes                        1
   b - Animate Skeleton               Necromancy                   1
   c - Summon Small Mammal            Summoning                    1
   d - Apportation                    Translocation                1
 N - the Grimoire of Poisoning
   (You bought it in a shop on level 1 of the Orcish Mines)

   Spells                             Type                      Level
   a - Mephitic Cloud                 Conjuration/Poison/Air       3
   b - Ignite Poison                  Fire/Transmutation/Poison    3
   c - Olgreb's Toxic Radiance        Poison                       4
   d - Venom Bolt                     Conjuration/Poison           5
   e - Alistair's Intoxication        Transmutation/Poison         5
 S - Izeanos's Disquisition on Mutagenic Conjuration
   (Sif Muna gifted it to you on level 6 of the Lair of Beasts)

   Spells                             Type                      Level
   a - Venom Bolt                     Conjuration/Poison           5
   b - Bolt of Draining               Conjuration/Necromancy       5
   c - Hydra Form                     Transmutation                6
 V - Sif Muna's Collected Works on Congealing Summoning
   (Sif Muna gifted it to you on level 2 of the Orcish Mines)

   Spells                             Type                      Level
   a - Call Imp                       Summoning                    2
   b - Summon Guardian Golem          Hexes/Summoning              3
   c - Shadow Creatures               Summoning                    6
   d - Summon Greater Demon           Summoning                    7
   e - Summon Hydra                   Summoning                    7
   f - Glaciate                       Conjuration/Ice              9
Miscellaneous
 f - a sack of spiders
 X - a lamp of fire
Comestibles
 u - 5 bread rations
 W - 44 fruits


   Skills:
 + Level 9.9 Fighting
   Level 2.0 Short Blades
 * Level 18.4(18.8) Axes
   Level 7.5(14.1) Polearms
 - Level 0.3 Slings
 + Level 8.0 Dodging
 + Level 6.9 Stealth
 + Level 9.1 Spellcasting
 * Level 11.8 Summonings
 + Level 5.5 Ice Magic
 + Level 2.0 Air Magic


You had 11 spell levels left.
You knew the following spells:

 Your Spells              Type           Power        Failure   Level  Hunger
a - Mephitic Cloud        Conj/Pois/Air  ##......     24%         3    None
b - Call Imp              Summ           ######..     1%          2    None
c - Call Canine Familiar  Summ           ######..     1%          3    None
d - Summon Ice Beast      Ice/Summ       #####...     2%          4    ###....
e - Summon Lightning Spi  Summ/Air       ####....     6%          4    ###....
f - Shadow Creatures      Summ           N/A          12%         6    ######.


Dungeon Overview and Level Annotations

Branches:
Dungeon (15/15)            Temple (1/1) D:7            Lair (6/6) D:8
 Shoals (1/4) Lair:3        Snake (2/4) Lair:4        Slime (0/5) Lair:6
    Orc (2/2) D:12            Elf (1/3) Orc:2        Vaults (0/5) D:14
 Depths (0/5) D:15

Altars:
Ashenzari
Cheibriados
Dithmenos
Elyvilon
Fedhas
Gozag
Hepliaklqana
Kikubaaqudgha
Makhleb
Nemelex Xobeh
Okawaru
Qazlal
Ru
Sif Muna
Trog
Uskayaw
Vehumet
Xom
Yredelemnul
Zin
The Shining One
Beogh
Jiyva

Shops:
Orc:1 !*   Orc:2 %%!%

Annotations:
Shoals:1 Donald
Snake:1 Aizul


Innate Abilities, Weirdness & Mutations

You can walk through water.
Your dull iron-grey scales are very hard. (AC +14)
You cannot fit into any form of body armour.
You can survive without breathing.
You are cold-blooded and may be slowed by cold attacks.
You have a pair of small horns on your head.
Your tail ends in a poisonous barb.
You are agile. (Dex +2)


Message History

* * * LOW HITPOINT WARNING * * *
You hit Donald but do no damage. Your headbutt misses Donald.
You tail-slap Donald, but do no damage.
Donald is moderately wounded.
Donald hits you with an eveningstar of protection!!
* * * LOW HITPOINT WARNING * * *
You completely miss Donald. You tail-slap Donald, but do no damage.
Donald is moderately wounded.
Donald blocks your ice beast's attack. Donald blocks your attack.
You tail-slap Donald.
Donald is poisoned.
Donald is moderately wounded.
Donald barely misses you. The snapping turtle closely misses you.
You are too berserk!
You are too berserk!
You are too berserk!
You are too berserk!
You slash Donald! You burn Donald. Donald blocks your attack.
Donald is heavily wounded.
Donald hits you with an eveningstar of protection!
You die...

.#.PP.≈≈P≈≈≈≈≈≈≈≈≈≈≈≈≈≈
#..PPPP≈≈≈P≈≈≈≈≈≈≈≈≈≈≈≈≈
..P..≈P≈≈P≈P≈≈≈≈≈≈≈≈≈≈≈≈
#..###.PPPP≈≈≈≈≈≈≈≈≈≈≈≈≈
..P##.PPP.P≈≈≈≈≈≈≈≈≈≈≈≈≈
.≈....≈PP.≈P≈≈≈≈≈≈≈≈≈≈≈≈
..≈...≈P.PP≈≈≈tY≈≈≈≈≈≈≈≈
.≈.≈.≈≈≈≈PP≈≈≈≈@≈≈≈≈≈≈≈≈
≈≈<(≈≈≈≈≈≈≈≈≈≈≈≈@≈≈≈≈≈≈≈
≈..≈≈≈≈P≈≈≈≈≈≈≈≈≈≈≈≈≈≈≈≈
≈≈≈≈≈≈≈≈≈≈≈≈≈≈≈≈≈≈≈≈≈≈≈≈
≈≈≈≈≈≈≈≈≈≈≈≈≈≈≈≈≈≈≈≈≈≈≈≈
≈≈≈≈≈≈≈≈≈≈≈≈≈≈≈≈≈≈≈≈≈≈≈≈
≈≈≈≈≈≈≈≈≈≈≈≈≈≈≈≈≈≈≈≈≈≈≈≈
≈≈≈≈≈≈≈≈≈≈≈≈≈≈≈≈≈≈≈≈≈≈≈≈
≈≈≈≈≈≈≈≈≈≈≈≈≈≈≈≈≈≈≈≈≈≈≈≈


You could see Donald, a snapping turtle and a friendly ice beast.

Vanquished Creatures
  A nagaraja (Snake:2)
  Louise (Snake:1)
  Nessos (Orc:2)
  A dire elephant (Lair:3)
  Snorg (D:11)
  An ettin (D:15)
  Fannar (Orc:1)
  A great orb of eyes (shapeshifter) (D:15)
  A great orb of eyes (D:13)
  7 vault guards (D:14)
  3 naga warriors (Snake:1)
  3 hydras
  3 anacondas
  9 centaur warriors
  2 ogre magi (Orc:2)
  A death yak (Lair:6)
  A death knight (D:14)
  A tengu warrior (D:15)
  2 shock serpents
  2 naga sharpshooters
  2 orc high priests
  Sonja (Orc:2)
  2 skeletal warriors (D:13)
  4 unseen horrors
  2 deep trolls (Orc:2)
  3 sea snakes (Snake:2)
  8 hill giants
  Pikel (D:6)
  2 orc knights
  2 deep elf magi
  3 orc sorcerers
  9 ugly things
  5 cyclopes
  5 salamanders
  A siren (Lair:3)
  2 elephants (Lair:5)
  16 black mambas
  2 naga magi (Snake:1)
  A torpor snail (Lair:6)
  2 gargoyles
  8 spiny frogs
  2 rime drakes (Lair:3)
  4 komodo dragons
  2 freezing wraiths
  A kobold demonologist (D:15)
  A tengu conjurer (D:15)
  14 trolls
  A merfolk (Shoals:1)
  A hellwing (Snake:2)
  3 meliai (D:15)
  5 polar bears (Lair:6)
  7 two-headed ogres
  2 hornets (Lair:6)
  18 blink frogs
  11 slime creatures
  6 dream sheep
  14 hippogriffs
  The ghost of protoss039 the Conjurer, an amateur HECj (D:5)
  A shadow (D:12)
  A snapping turtle (Shoals:1)
  10 spriggans (Lair:6)
  8 wyverns
  A vampire (D:12)
  A redback (Lair:6)
  A wraith (D:12)
  4 basilisks
  A fire elemental (Orc:2)
  17 yaks
  7 vampire mosquitoes
  A hungry ghost (D:14)
  9 nagas
  6 wargs
  11 water moccasins
  2 porcupines
  3 hell hounds
  A black bear (D:11)
  3 ice beasts
  3 sky beasts
  17 orc warriors
  3 phantoms
  3 boggarts (Lair:6)
  A hornet zombie (D:15)
  An eye of draining (D:15)
  21 wolves
  26 ogres
  29 centaurs
  10 crocodiles
  6 big kobolds
  21 bullfrogs
  2 gnoll sergeants
  A wyvern zombie (D:10)
  5 scorpions
  9 killer bees
  9 wights
  2 electric eels (Lair:3)
  5 howler monkeys
  3 bullfrog zombies
  14 crimson imps
  4 centaur zombies
  17 orc priests
  25 orc wizards
  Crazy Yiuf (D:6)
  6 hounds
  13 jellies
  10 centaur skeletons
  4 bullfrog skeletons
  3 iguanas
  5 worker ants
  4 hound skeletons
  5 gnolls
  6 adders
  2 shadow imps
  12 oozes
  An adder zombie (D:6)
  An adder skeleton (D:4)
  5 worms
  A dart slug (D:3)
  10 leopard geckos
  72 orcs
  6 giant cockroaches
  10 hobgoblins
  3 jackals (D:4)
  18 kobolds
  7 quokkas
  A ball python (D:5)
  6 bats
  9 frilled lizards
  11 goblins
  A goblin skeleton (D:8)
  A goblin zombie (D:8)
  2 hobgoblin zombies (D:8)
  A jackal skeleton (D:5)
  A kobold zombie (D:8)
  2 orc skeletons (D:8)
  A quokka skeleton (D:4)
  10 rats
  4 bushes (D:15)
  6 fungi
  8 plants
811 creatures vanquished.

Vanquished Creatures (collateral kills)
  Azrael (Orc:2)
  Erolcha (D:9)
  Harold (Orc:1)
  4 hydras
  A centaur warrior (D:13)
  A catoblepas (Lair:3)
  2 anacondas
  Nergalle (D:11)
  A skeletal warrior (D:13)
  2 naga ritualists
  3 mana vipers
  5 hill giants
  2 oklob plants (Lair:5)
  A manticore (Lair:3)
  2 black mambas
  An elephant (Lair:5)
  A centaur skeleton (D:10)
  A spiny frog (Lair:2)
  A komodo dragon (Lair:3)
  A troll (D:11)
  2 hornets
  A polar bear (Lair:6)
  Grinder (D:4)
  7 blink frogs
  4 slime creatures
  3 hippogriffs
  2 spriggans (Lair:6)
  Sigmund (D:2)
  2 fire elementals (Orc:2)
  A wraith (D:11)
  2 basilisks
  A wyvern (Lair:1)
  Menkaure (D:6)
  A naga (Snake:2)
  2 water moccasins
  A hell hound (Orc:2)
  Duvessa (D:5)
  6 orc warriors
  2 slaves (D:6)
  A sky beast (D:6)
  2 ice beasts
  A wolf (Lair:3)
  A boggart (Lair:6)
  A necrophage (D:13)
  6 ogres
  3 bullfrogs
  A wyvern skeleton (D:13)
  Dowan (D:5)
  A scorpion (D:5)
  5 killer bees
  4 wights
  A bullfrog zombie (D:12)
  2 crimson imps (D:7)
  2 jellies
  8 orc priests
  3 hounds
  5 orc wizards
  An iguana (D:7)
  3 worker ants
  Terence (D:2)
  8 mummies (Ossuary)
  5 adders
  2 gnolls (D:5)
  2 oozes
  31 orcs
  2 giant cockroaches
  2 quokkas
  A bat (D:1)
  2 frilled lizards
  2 gnoll zombies (Ossuary)
  2 hobgoblin zombies (Ossuary)
  2 kobolds
  A kobold zombie (Ossuary)
  3 orc zombies (Ossuary)
  2 plants
194 creatures vanquished.

Vanquished Creatures (others)
  4 jackals (D:6)
  44 bushes
  22 fungi
  14 plants
  9 toadstools (Lair:3)
93 creatures vanquished.

Grand Total: 1098 creatures vanquished

Notes
Turn   | Place    | Note
-------+----------+-------------------------------------------
     0 | D:1      | doot the Draconian Summoner began the quest for the Orb.
     0 | D:1      | Reached XP level 1. HP: 14/14 MP: 3/3
   495 | D:1      | Reached XP level 2. HP: 16/20 MP: 5/5
  1367 | D:2      | Found an ancient bone altar of Kikubaaqudgha.
  1610 | D:2      | Reached XP level 3. HP: 27/27 MP: 6/6
  1645 | D:2      | Noticed Sigmund
  1670 | D:2      | Learned a level 2 spell: Call Imp
  1674 | D:2      | Learned a level 3 spell: Call Canine Familiar
  1684 | D:2      | Reached skill level 1 in Fighting
  1860 | D:2      | Killed Sigmund
  1860 | D:2      | Reached skill level 1 in Short Blades
  1860 | D:2      | Reached XP level 4. HP: 35/35 MP: 7/7
  1891 | D:2      | Noticed Terence
  1898 | D:2      | Killed Terence
  2324 | D:2      | Reached skill level 5 in Summonings
  2832 | D:2      | Reached XP level 5. HP: 40/40 MP: 8/8
  3434 | D:3      | Reached skill level 1 in Polearms
  4122 | D:4      | You fall through a shaft!
  4122 | D:5      | Entered Level 5 of the Dungeon
  4158 | D:4      | Noticed an ogre
  4166 | D:4      | Killed an ogre
  4166 | D:4      | Reached XP level 6. HP: 48/48 MP: 9/9
  4738 | D:4      | Noticed Grinder
  4863 | D:5      | Noticed Duvessa
  4863 | D:5      | Noticed Dowan
  4957 | D:5      | Your scales start taking on a dull iron-grey colour.
  4957 | D:5      | Reached XP level 7. HP: 56/56 MP: 10/10
  4957 | D:5      | Gained mutation: You can survive without breathing. [Grey Draconian growth]
  4970 | D:5      | Learned a level 4 spell: Summon Ice Beast
  5089 | D:4      | Killed Grinder
  5424 | D:4      | Noticed a hippogriff
  6207 | D:4      | Killed a hippogriff
  6278 | D:5      | Killed Dowan
  6449 | D:5      | Reached XP level 8. HP: 58/63 MP: 12/12
  6490 | D:5      | Killed Duvessa
  6492 | D:5      | Reached skill level 1 in Ice Magic
  6978 | D:5      | Noticed protoss039's ghost (amateur HECj)
  7005 | D:5      | Killed protoss039's ghost
  7350 | D:5      | Found a shadowy altar of Dithmenos.
  7350 | D:5      | Found a glowing silver altar of Zin.
  7375 | D:5      | Found an opulent altar of Gozag.
  7506 | D:6      | Noticed Pikel
  7567 | D:6      | Noticed a hill giant
  7765 | D:5      | Reached skill level 5 in Polearms
  8005 | D:6      | Killed a hill giant
  8211 | D:6      | Reached XP level 9. HP: 61/71 MP: 14/14
  8611 | D:6      | Noticed Menkaure
  8625 | D:6      | Killed Menkaure
  8714 | D:6      | Killed Pikel
  8892 | D:6      | Found a runed door.
  9464 | D:6      | Noticed Crazy Yiuf
  9474 | D:6      | Killed Crazy Yiuf
  9541 | D:7      | Found a staircase to the Ecumenical Temple.
  9549 | D:7      | Found a stormy altar of Qazlal.
  9701 | Temple   | Entered the Ecumenical Temple
  9850 | Temple   | Became a worshipper of Sif Muna the Loreminder
  9960 | D:7      | Found a sand-covered staircase.
  9965 | Ossuary  | Entered an ossuary
 10883 | D:7      | Got a blackened battleaxe
 10884 | D:7      | Identified the +6 battleaxe "Killer Klown's Regret" {flame, rElec rF+ Stlth+} (You found it on level 7 of the Dungeon)
 11417 | D:8      | Found a glowing golden altar of the Shining One.
 11424 | D:8      | Reached * piety under Sif Muna
 11462 | D:8      | Reached skill level 1 in Axes
 11487 | D:8      | Found a staircase to the Lair.
 11517 | D:8      | Found a sacrificial altar of Ru.
 11681 | D:8      | Reached XP level 10. HP: 63/80 MP: 16/16
 11764 | D:8      | Reached skill level 2 in Axes
 12008 | D:8      | Gained mutation: You tend to lose your temper in combat. [potion of mutation]
 12008 | D:8      | Gained mutation: Your tail ends in a poisonous barb. [potion of mutation]
 12008 | D:8      | Gained mutation: You have a pair of small horns on your head. [potion of mutation]
 12318 | D:9      | Found a shattered altar of Ashenzari.
 12358 | D:9      | Learned a level 4 spell: Summon Lightning Spire
 12382 | D:9      | Found a white marble altar of Elyvilon.
 12395 | D:9      | Noticed a hill giant
 12406 | D:9      | Killed a hill giant
 12406 | D:9      | Reached skill level 3 in Axes
 12467 | D:9      | Found a snail-covered altar of Cheibriados.
 12467 | D:9      | Found a sparkling altar of Nemelex Xobeh.
 12484 | D:9      | Reached skill level 5 in Fighting
 12495 | D:9      | Found a shimmering altar of Xom.
 12517 | D:9      | Reached skill level 4 in Axes
 12551 | D:9      | Noticed Erolcha
 12653 | D:9      | Killed Erolcha
 12653 | D:9      | Reached skill level 5 in Axes
 12708 | D:9      | Noticed a hill giant
 12722 | D:9      | Killed a hill giant
 13548 | D:9      | Gained mutation: You are agile. (Dex +2) [potion of beneficial mutation]
 13549 | D:9      | Lost mutation: You tend to lose your temper in combat. [potion of beneficial mutation]
 13574 | D:10     | Entered Level 10 of the Dungeon
 13621 | D:10     | Reached skill level 6 in Axes
 13956 | D:10     | Reached skill level 7 in Axes
 14106 | D:10     | Reached skill level 5 in Spellcasting
 14335 | D:10     | Reached ** piety under Sif Muna
 14590 | D:10     | Reached XP level 11. HP: 88/88 MP: 18/18
 14858 | D:11     | Noticed a hill giant
 14939 | D:11     | Noticed Snorg
 14975 | D:11     | Noticed a hill giant
 14977 | D:11     | Killed a hill giant
 15153 | D:11     | Reached skill level 8 in Axes
 15173 | D:11     | Reached skill level 5 in Dodging
 15201 | D:11     | Killed Snorg
 15369 | D:11     | Noticed Nergalle
 15650 | D:11     | Killed Nergalle
 15670 | D:11     | Noticed a hill giant
 15688 | D:11     | Killed a hill giant
 15689 | D:11     | Noticed a hill giant
 15698 | D:11     | Killed a hill giant
 15803 | D:11     | Reached skill level 9 in Axes
 16164 | D:11     | Killed a hill giant
 17631 | D:12     | Found a staircase to the Orcish Mines.
 17647 | D:12     | Reached *** piety under Sif Muna
 17693 | Orc:1    | Entered Level 1 of the Orcish Mines
 17881 | Orc:1    | Noticed an orc sorcerer
 17882 | Orc:1    | Noticed an orc high priest
 17886 | D:12     | Reached skill level 10 in Axes
 18111 | Lair:1   | Entered Level 1 of the Lair of Beasts
 18280 | Lair:1   | Noticed a five-headed hydra
 18293 | Lair:1   | Killed a five-headed hydra
 18349 | Lair:1   | Reached skill level 5 in Stealth
 18371 | Lair:1   | Identified a scroll of acquirement
 18466 | Lair:1   | Reached XP level 12. HP: 43/96 MP: 21/21
 19674 | Lair:2   | Reached skill level 11 in Axes
 21090 | Lair:3   | Noticed an eight-headed hydra
 21096 | Lair:3   | Noticed a four-headed hydra
 21099 | Lair:3   | Killed a seven-headed hydra
 21102 | Lair:3   | Killed a four-headed hydra
 21450 | Lair:3   | Found a staircase to the Shoals.
 21630 | Lair:3   | Reached skill level 12 in Axes
 22125 | Lair:3   | Found a runed door.
 22225 | Lair:3   | Noticed a catoblepas
 22225 | Lair:3   | Noticed a dire elephant
 22553 | Lair:3   | Reached skill level 10 in Summonings
 23204 | D:12     | Reached **** piety under Sif Muna
 23204 | D:12     | Reached XP level 13. HP: 80/105 MP: 23/23
 23671 | D:12     | Reached skill level 13 in Axes
 23935 | D:13     | Found a sacrificial altar of Ru.
 25732 | D:13     | Reached skill level 1 in Air Magic
 26602 | Lair:4   | Found a staircase to the Snake Pit.
 27715 | Lair:5   | Reached skill level 14 in Axes
 27721 | Lair:5   | Found a hazy altar of Hepliaklqana.
 28955 | Lair:6   | Entered Level 6 of the Lair of Beasts
 29921 | Lair:6   | Reached ***** piety under Sif Muna
 29921 | Lair:6   | Identified Izeanos's Disquisition on Mutagenic Conjuration (Sif Muna gifted it to you on level 6 of the Lair of Beasts)
 29921 | Lair:6   | Received a gift from Sif Muna
 29979 | Lair:6   | Found a viscous altar of Jiyva.
 29979 | Lair:6   | Found a staircase to the Slime Pits.
 30283 | Lair:6   | Reached XP level 14. HP: 81/114 MP: 25/25
 31585 | Lair:6   | Reached skill level 15 in Axes
 32901 | Orc:1    | Found Qoxzesko's Distillery.
 32935 | Orc:1    | Found Ziolugh's Assorted Antiques.
 32955 | Orc:1    | Noticed Fannar
 32972 | Orc:1    | Killed Fannar
 32972 | Orc:1    | Reached skill level 5 in Ice Magic
 33128 | Orc:1    | Noticed Harold
 33147 | Orc:1    | Killed Harold
 33443 | Orc:1    | Bought a yellowed book for 330 gold pieces
 33443 | Orc:1    | Identified the Grimoire of Poisoning (You bought it in a shop on level 1 of the Orcish Mines)
 33447 | Orc:1    | Learned a level 3 spell: Mephitic Cloud
 33451 | Orc:1    | Learned a level 3 spell: Ignite Poison
 33465 | Orc:2    | Entered Level 2 of the Orcish Mines
 33503 | Orc:1    | Found a roughly hewn altar of Beogh.
 33849 | Orc:2    | Noticed Sonja
 33853 | Orc:2    | Killed Sonja
 34318 | Orc:2    | Noticed Nessos
 35446 | D:14     | Found a gate to the Vaults.
 36009 | D:14     | Reached skill level 16 in Axes
 37430 | Orc:2    | Killed Nessos
 37835 | Orc:2    | Reached XP level 15. HP: 93/123 MP: 27/27
 38354 | Orc:2    | Identified Sif Muna's Collected Works on Congealing Summoning (Sif Muna gifted it to you on level 2 of the Orcish Mines)
 38354 | Orc:2    | Received a gift from Sif Muna
 38900 | Orc:2    | Found Igharchi's Food Shoppe.
 38988 | Orc:2    | Noticed Azrael
 39116 | Orc:1    | Learned a level 6 spell: Shadow Creatures
 39489 | Orc:2    | Killed Azrael
 39657 | Orc:2    | Found Jozapoga's Food Shoppe.
 39658 | Orc:2    | Found Ylufoh's Food Boutique.
 39676 | Orc:2    | Found Mocluut's Distillery.
 39830 | Orc:2    | Found a staircase to the Elven Halls.
 39979 | Elf:1    | Entered Level 1 of the Elven Halls
 40347 | D:13     | Reached skill level 17 in Axes
 40738 | D:15     | Entered Level 15 of the Dungeon
 42036 | D:15     | Found a staircase to the Depths.
 43502 | Snake:1  | Entered Level 1 of the Snake Pit
 44229 | Snake:1  | Reached skill level 18 in Axes
 44544 | Snake:1  | Noticed Louise
 44588 | Snake:1  | Killed Louise
 45110 | Snake:1  | Noticed Aizul
 45193 | Snake:1  | Reached XP level 16. HP: 103/134 MP: 28/28
 47894 | Shoals:1 | Entered Level 1 of the Shoals
 48198 | Shoals:1 | Noticed Donald
 48240 | Shoals:1 | Slain by Donald

Skill      XL: |  1  2  3  4  5  6  7  8  9 10 11 12 13 14 15 16 |
---------------+-------------------------------------------------+-----
Dodging        | 2 3 4 5 6 7 8 |  8.0
Fighting       | 1 2 3 4 5 6 7 8 9 |  9.9
Short Blades   | 1 2 |  2.0
Stealth        | 2 3 4 5 6 |  6.9
Summonings     | 5 6 7 8 9 10 11 | 11.8
Polearms       | 2 3 6 7 |  7.5
Spellcasting   | 3 4 5 6 7 8 9 |  9.1
Ice Magic      | 2 3 4 5 |  5.5
Axes           | 1 7 10 12 14 16 18 | 18.4
Air Magic      | 1 2 |  2.0
Slings         | |  0.3

Action                   |  1- 3 |  4- 6 |  7- 9 | 10-12 | 13-15 | 16-18 || total
-------------------------+-------+-------+-------+-------+-------+-------++-------
Melee: Short sword       |   134 |       |       |       |       |       ||   134
       Unarmed           |     8 |       |       |       |       |       ||     8
       Tailslap          |    10 |    14 |    26 |    73 |   187 |    22 ||   332
       Scythe            |       |   185 |   382 |       |       |       ||   567
       Battleaxe         |       |       |    49 |   548 |  1452 |   109 ||  2158
       Headbutt          |       |       |       |    78 |   270 |    30 ||   378
 Fire: Hunting sling     |       |    85 |    68 |       |       |       ||   153
 Cast: Summon Small Mamm |     2 |       |     1 |       |       |       ||     3
       Call Imp          |     2 |     2 |     7 |       |       |       ||    11
       Call Canine Famil |     1 |     9 |    27 |    52 |    39 |     3 ||   131
       Summon Ice Beast  |       |       |    30 |    50 |   110 |    10 ||   200
       Summon Lightning  |       |       |       |    16 |    48 |     5 ||    69
       Shadow Creatures  |       |       |       |       |     9 |     3 ||    12
Invok: Forget Spell      |       |       |       |       |     1 |       ||     1
Evoke: Rod               |       |       |       |     1 |       |       ||     1
       Wand              |       |       |       |       |     1 |     8 ||     9
  Use: Scroll            |     1 |       |     5 |    12 |    16 |       ||    34
       Potion            |       |       |       |    18 |     2 |     5 ||    25
 Stab: Sleeping          |       |     2 |     2 |    25 |    20 |     2 ||    51
       Distracted        |       |       |     1 |     8 |    17 |       ||    26
  Eat: Chunk             |     2 |    12 |    23 |    28 |    38 |     2 ||   105
       Royal jelly       |       |       |     1 |       |       |     1 ||     2
       Beef jerky        |       |       |     1 |     1 |     3 |       ||     5
       Pizza             |       |       |     3 |     2 |       |       ||     5
       Meat ration       |       |       |     1 |     4 |     4 |       ||     9
       Bread ration      |       |       |       |       |     8 |     2 ||    10
Armor: Skin              |    35 |   106 |   237 |   239 |   496 |    33 ||  1146
Dodge: Dodged            |    96 |   191 |   324 |   438 |  1063 |    86 ||  2198
Block: Other             |       |       |       |       |    17 |    34 ||    51
       Reflection        |       |       |       |       |     5 |     1 ||     6
